 Dungeon Crawl Stone Soup version 0.19-a0-1185-gacb3972 (webtiles) character file.

327 Gagarin the Covered (level 6, -6/57 HPs)
             Began as a Deep Dwarf Fighter on Aug 18, 2016.
             Was an Initiate of Makhleb.
             Mangled by an ogre
             ... wielding a +0 giant spiked club
              (28 damage)
             ... on level 4 of the Dungeon.
             The game lasted 00:07:05 (2344 turns).

Gagarin the Covered (Deep Dwarf Fighter)            Turns: 2344, Time: 00:07:06

Health: -6/57      AC:  8    Str: 21    XL:     6   Next: 24%
Magic:  6/6        EV:  7    Int:  9    God:    Makhleb [......]
Gold:   175        SH: 10    Dex: 12    Spells: 1 memorised, 4 levels left

rFire  . . .     SeeInvis .     a - +0 long sword
rCold  . . .     Gourm    .     b - +0 scale mail
rNeg   . . .     Faith    .     c - +0 shield
rPois  .         Spirit   .     z - +0 helmet
rElec  .         Dismiss  .     (no cloak)
rCorr  .         Reflect  .     (no gloves)
MR     .....     Harm     .     (no boots)
Stlth  ..........               (no amulet)
                                (no ring)
                                (no ring)

@: non-regenerating
A: damage resistance, recharge devices, sense surroundings 1, slow regeneration
3
a: Device Recharging, Renounce Religion


You were on level 4 of the Dungeon.
You worshipped Makhleb.
Makhleb was noncommittal.
You were hungry.

You visited 1 branch of the dungeon, and saw 4 of its levels.

You collected 175 gold pieces.

Inventory:

Hand Weapons
 a - a +0 long sword (weapon)
 o - a +0 hunting sling
Missiles
 k - 7 javelins (quivered)
Armour
 b - a +0 scale mail (worn)
 c - a +0 shield (worn)
 s - a +0 plate armour
 z - a +0 helmet (worn)
Magical Staves
 A - an uncursed staff of cold {unknown}
Jewellery
 v - an uncursed ring of stealth {unknown}
Wands
 e - a wand of heal wounds (2/9)
 B - a wand of flame (16/48)
Scrolls
 g - a scroll of immolation {unknown}
 l - 2 scrolls of identify {unknown}
 m - a scroll of magic mapping {unknown}
 p - 2 scrolls of teleportation
 r - a scroll of blinking {unknown}
 u - a scroll of random uselessness {unknown}
 w - a scroll of noise {unknown}
 y - a scroll of amnesia {unknown}
Potions
 d - 2 potions of might
 h - 3 potions of flight {unknown}
 j - a potion of lignification {unknown}
 C - a potion of invisibility {unknown}
Books
 t - Vehumet's Guide on Confrontation
   (You found it on level 2 of the Dungeon)

   Spells                             Type                      Level
   a - Magic Dart                     Conjuration                  1
Comestibles
 f - 3 bread rations
 i - 2 meat rations
 n - 4 fruits
 q - a beef jerky
 x - a chunk of flesh


   Skills:
 + Level 4.0 Fighting
 + Level 3.6 Long Blades
 + Level 5.0 Armour
 + Level 4.4 Shields


You had 4 spell levels left.
You knew the following spells:

 Your Spells              Type           Power        Failure   Level  Hunger
a - Magic Dart            Conj           #...         100%        1    ##.....


Dungeon Overview and Level Annotations

Branches:
Dungeon (4/15)
 Temple: D:4-7

Altars:
Kikubaaqudgha
Makhleb
Sif Muna
Vehumet

Annotations:
D:3 Sigmund; epen's ghost, amateur HOMo


Innate Abilities, Weirdness & Mutations

You are resistant to damage.
You can recharge devices by infusing magical energy.
You passively map a small area around you.
You do not regenerate naturally.


Message History

You slash the ogre!
The ogre is severely wounded.
You block the ogre's attack.
You hit the ogre but do no damage.
The ogre is severely wounded.
The ogre hits you with a giant spiked club.
You hit the ogre but do no damage.
The ogre is severely wounded.
The ogre completely misses you.
You hit the ogre but do no damage.
The ogre is severely wounded.
The ogre barely misses you.
You are feeling hungry.
You hit the ogre but do no damage.
The ogre is severely wounded.
The ogre barely misses you.
You slash the ogre!
The ogre is almost dead.
The ogre hits you with a giant spiked club!!
You die...

##### * *
##...##*,,
#.....#
#.....# , ##
#.....#,, ..
#.###.# ## * *
#@# #.# , ,, ,
# * #O# #.#, ,
, * #.# #.# ,
,
#.........#.#
* *
#....)....#.#*
*, *
#........!#.#
, ,
#######.###.#
* #.# #.#, ,,
#.# #.# * ,


You could see an ogre.

Vanquished Creatures
  A howler monkey (D:4)
  3 hounds
  2 orc wizards (D:4)
  A worker ant (D:4)
  6 adders
  A worm (D:2)
  2 dart slugs (D:2)
  3 giant geckos
  3 orcs
  6 giant cockroaches
  7 goblins
  7 hobgoblins
  A quokka (D:3)
  3 bats
  3 giant newts
  8 kobolds
  9 rats
66 creatures vanquished.

Notes
Turn   | Place    | Note
-------+----------+-------------------------------------------
     0 | D:1      | Gagarin the Deep Dwarf Fighter began the quest for the Orb.
     0 | D:1      | Reached XP level 1. HP: 20/20 MP: 1/1
   165 | D:1      | Reached XP level 2. HP: 25/27 MP: 2/2
   596 | D:1      | Reached skill level 4 in Armour
   596 | D:1      | Reached XP level 3. HP: 21/33 MP: 3/3
   669 | D:2      | Found a faded altar of an unknown god.
   871 | D:2      | Reached XP level 4. HP: 27/42 MP: 4/4
  1147 | D:2      | Found an ancient bone altar of Kikubaaqudgha.
  1152 | D:2      | Found a deep blue altar of Sif Muna.
  1161 | D:2      | Found a radiant altar of Vehumet.
  1165 | D:2      | Identified Vehumet's Guide on Confrontation
  1230 | D:2      | Learned a level 1 spell: Magic Dart
  1472 | D:3      | Found a burning altar of Makhleb.
  1517 | D:3      | Became a worshipper of Makhleb the Destroyer
  1541 | D:3      | Noticed epen's ghost (amateur HOMo)
  1564 | D:2      | Reached XP level 5. HP: 48/49 MP: 5/5
  1714 | D:3      | Noticed Sigmund
  2029 | D:4      | Reached XP level 6. HP: 20/57 MP: 6/6
  2315 | D:4      | Reached skill level 5 in Armour
  2344 | D:4      | Mangled by an ogre

Vault maps used:
D:1:      saegor_arrival_simple_b
D:2:      grunt_temple_overflow_magic_moments, ecumenical_altar_1
D:3:      zin_angel, makhleb_heckhound_becter, serial_co_window_serial,
          co_window_corner_a, co_window_of_opportunity_a, co_window_paths_a,
          co_window_of_opportunity_a, co_window_paths_a, co_window_corner_b,
          co_window_2corner, co_window_broadway_c, co_window_paths_e,
          co_window_4corner_b, glass_columns_c, glass_columns_b,
          minmay_misc_feat_encased, corexii_item_surrounded_by_moat, hex_medium,
          nemelex_lonely_heart_becter, uniq_sigmund, uniq_jessica
D:4:      first_bread

Skill      XL: |  1  2  3  4  5  6 |
---------------+-------------------+-----
Armour         | 4 5 |  5.0
Fighting       | 3 4 |  4.0
Long Blades    | 3 |  3.6
Shields        | 4 |  4.4

Action                   |  1- 3 |  4- 6 || total
-------------------------+-------+-------++-------
Melee: Long sword        |   144 |   213 ||   357
Evoke: Wand              |     1 |     2 ||     3
  Use: Scroll            |       |     1 ||     1
  Eat: Chunk             |       |     5 ||     5
Armor: Scale mail        |    58 |    76 ||   134
Dodge: Dodged            |    44 |    54 ||    98
Block: Shield            |    54 |    93 ||   147
